 Dungeon Crawl Stone Soup version 0.31-a0-997-g9a2f3ff (webtiles) character file.

Game seed: 10081645462041304193

63 Geeful the Changeling (level 4, 0/43 HPs)
             Began as an Octopode Shapeshifter on Nov 7, 2023.
             Slain by Terence
             ... wielding a +4 short sword of freezing
              (5 damage)
             ... on level 2 of the Dungeon.
             The game lasted 00:04:59 (1454 turns).

Geeful the Changeling (Octopode Shapeshifter)       Turns: 1454, Time: 00:04:59

Health: 0/43       AC: 22    Str: 13    XL:     4   Next: 10%
Magic:  4/4        EV:  2    Int: 12    God:
Gold:   70         SH:  0    Dex: 13    Spells: 3/3 levels left

rFire   . .          .
                       - Unarmed
rCold   . . .        (no shield)
rNeg    . . .        (helmet currently unavailable)
rPois   +            (no amulet)
rElec   .            (no ring)
rCorr   .            (no ring)
SInv    .            (no ring)
Will    .....        (no ring)
Stlth   ++           (no ring)
HPRegen 0.27/turn    (no ring)
MPRegen 0.09/turn    (no ring)
                     (no ring)

%: no passive effects
@: tree-form
A: stationary, stasis, torment immunity, boosted hp, almost no armour,
(amphibious), 8 rings, (camouflage 1), (gelatinous body 1), (nimble swimmer 1),
(tentacles)
a: no special abilities


You were on level 2 of the Dungeon.
You were a tree.
You visited 1 branch of the dungeon, and saw 2 of its levels.

You collected 70 gold pieces.

Inventory:

Hand Weapons
 g - a +2 dagger of electrocution
Missiles
 f - 5 poisoned darts
 l - 2 atropa-tipped darts
Jewellery
 k - a ring of fire
Talismans
 b - a beast talisman
 c - a flux talisman
 m - a granite talisman
Scrolls
 e - a scroll of teleportation {unknown}
 i - a scroll of identify {unknown}
 j - a scroll of enchant weapon {unknown}
Potions
 d - a potion of mutation {unknown}
 h - 2 potions of heal wounds {unknown}


   Skills:
 + Level 1.7 Fighting
 + Level 2.4 Dodging
 + Level 1.9 Stealth
 + Level 3.3 Unarmed Combat
 * Level 3.6 Shapeshifting


You had 3 spell levels left.
You didn't know any spells.
Your spell library contained the following spells:

 Spells                   Type           Power      Damage    Failure   Level
 Sublimation of Blood     Necr           0%         N/A       45%         2
 Wereblood                Tmut           0%         N/A       45%         2
 Summon Hydra             Summ           0%         N/A       100%        7


Dungeon Overview and Level Annotations

Branches:
Dungeon (2/15)

Altars:

Annotations:
D:2 Terence


Innate Abilities, Weirdness & Mutations

You are a tree.
Your roots penetrate the ground, keeping you stationary.
You cannot be teleported.
You are immune to unholy pain and torment.
Your maximum health is greatly increased.
You cannot wear most types of armour.
((You are amphibious.))
You can wear up to eight rings at the same time.
((Your skin changes colour to match your surroundings (Stealth+).))
((Your rubbery body absorbs attacks. (AC +1, EV +1)))
((You are camouflaged when in or above water. (Stealth+)))
((You have tentacles for arms and can constrict up to eight enemies at once.))


Message History

Terence is lightly wounded.
You constrict Terence, but do no damage.
Terence hits you with a +4 short sword of freezing.
Terence freezes you.
You tentacle-slap Terence but do no damage.
Terence is lightly wounded.
You constrict Terence, but do no damage.
Terence closely misses you.
You tentacle-slap Terence.
Terence is heavily wounded.
You constrict Terence.
Terence hits you with a +4 short sword of freezing.
* * * LOW HITPOINT WARNING * * *
Terence freezes you.
* * * LOW HITPOINT WARNING * * *
Your transformation has ended.
You turn into a tree.
Your roots penetrate the ground.
You lose your grip on Terence.
Terence hits you but does no damage.
You hit Terence but do no damage.
Terence is heavily wounded.
Terence hits you but does no damage.
You hit Terence.
Terence is severely wounded.
Terence hits you with a +4 short sword of freezing.
* * * LOW HITPOINT WARNING * * *
Terence freezes you.
* * * LOW HITPOINT WARNING * * *
You hit Terence.
Terence is almost dead.
Terence hits you but does no damage.
You hit Terence but do no damage.
Terence is almost dead.
You hit Terence but do no damage.
Terence is almost dead.
Terence hits you but does no damage.
You hit Terence but do no damage.
Terence is almost dead.
Terence hits you with a +4 short sword of freezing.
You die...
Terence says, "Rest in peace."

#...# #.##.. #...#
#.##.. #...# #.##..
#.### #>.... #.#
##.#.# #.# #.#.# #.#
#######.#.# ####@#
#.........# #..♣.#
#.#####.### #.####
#.# #.###
######.###### #.#
#....
#...........###.#
##...
#.####..........##
#.## #.#
######.##...#####.##
#.#
#..................
#.#
#.###.##...#####.##
#.# #.# #.###.##
#.##


You could see Terence.

Vanquished Creatures
  An adder (D:2)
  6 ball pythons
  5 bats
  4 endoplasms
  5 goblins
  4 hobgoblins
  7 jackals (D:1)
  3 kobolds (D:1)
  3 quokkas (D:1)
  3 frilled lizards
  4 rats
45 creatures vanquished.

Notes
Turn   | Place    | Note
-------+----------+-------------------------------------------
     0 | D:1      | Geeful the Octopode Shapeshifter began the quest for the
                  | Orb.
     0 | D:1      | Reached XP level 1. HP: 13/13 MP: 1/1
    71 | D:1      | Reached XP level 2. HP: 8/18 MP: 2/2
   220 | D:1      | Reached skill level 1 in Stealth
   408 | D:1      | You fall into a shaft and drop 1 floor!
   459 | D:2      | Reached XP level 3. HP: 20/23 MP: 3/3
   508 | D:2      | Noticed Terence
   997 | D:2      | Reached XP level 4. HP: 29/29 MP: 4/4
  1454 | D:2      | Slain by Terence

Illustrated notes

Levels and vault maps discovered:
D:1:      amcnicky_arrival_blooded_trapdoor, layout_loops_cross
D:2:      layout_loops_ring, minmay_crystal_water,
          chequers_serial_rivers_room_b, grunt_decor_arrowhead, uniq_terence

Skill      XL: |  1  2 |
---------------+-------+-----
Stealth        | 1 |  1.9
Fighting       | |  1.7
Dodging        | |  2.4
Unarmed Combat | |  3.3
Shapeshifting  | |  3.6

Action                     |  1- 3 |  4- 6 || total
---------------------------+-------+-------++-------
  Melee: Unarmed           |    70 |    20 ||    90
         Constrict         |    20 |     1 ||    21
         Tentacles         |    14 |     4 ||    18
    Use: Potion            |       |     1 ||     1
   Stab: Sleeping          |     5 |     3 ||     8
         Distracted        |     1 |       ||     1
 Armour: Skin              |    25 |    11 ||    36
  Dodge: Dodged            |    27 |     7 ||    34

Table legend: (Time is in decaauts)
 A = Elapsed time spent in this place.
 B = Non-inter-level travel time spent in this place.
 C = Inter-level travel time spent in this place.
 D = Time resting spent in this place.
 E = Time spent auto-exploring this place.
 F = Levels seen in this place.
 G = Mean time per level.
                   A        B        C        D        E       F      G
               +--------+--------+--------+--------+--------+-----+--------+
         Total |   1447 |   1427 |     20 |      0 |   1118 |   2 |  723.5 |
       Dungeon |   1447 |   1427 |     20 |      0 |   1118 |   2 |  723.5 |
               +--------+--------+--------+--------+--------+-----+--------+

Top non-repeatable levels by time:
     D:1: 802 daAuts
     D:2: 644 daAuts
